 Dungeon Crawl Stone Soup version 0.23-a0-295-g2e428d4 (webtiles) character file.

9811 namelastname112 the Covert (level 11, 0/97 HPs)
             Began as a Purple Draconian Wanderer on Oct 4, 2018.
             Was an Initiate of Gozag.
             Shot with a bolt by an orc warrior (27 damage)
             ... in a bailey.
             The game lasted 00:29:21 (16023 turns).

namelastname112 the Covert (DrWn)                  Turns: 16023, Time: 00:29:21

Health: 0/97       AC:  9    Str: 15    XL:     11   Next: 27%
Magic:  12/12      EV: 16    Int: 11    God:    Gozag
Gold:   150        SH:  0    Dex: 15    Spells: 10/10 levels left

rFire    . . .     SeeInvis +   e - +4 quick blade
rCold    . . .     Gourm    .   (no shield)
rNeg     + . .     Faith    .   (armour unavailable)
rPois    .         Spirit   .   (helmet restricted)
rElec    .         Reflect  .   (no cloak)
rCorr    .         Harm     .   l - +1 pair of gloves
MR       +....                  (no boots)
Stlth    ++++......             o - macabre finger necklace {rN+}
HPRegen  0.26/turn              y - ring of see invisible
MPRegen  0.13/turn              (no ring)
                                (no ring)

@: gold aura
A: breathe power, unfitting armour, cold-blooded, AC +7
a: Breathe Dispelling Energy, Potion Petition, Call Merchant, Bribe Branch,
Renounce Religion


You were in a bailey.
You worshipped Gozag.
Gozag was aware of your devotion.
You were not hungry.

You visited 1 branch of the dungeon, and saw 10 of its levels.
You also visited: Sewer, Ossuary and Bailey.

You collected 2229 gold pieces.
You spent 444 gold pieces at shops.
You paid 1635 gold pieces to Gozag.

Inventory:

Hand Weapons
 a - a +0 blowgun
 c - a +0 hand crossbow
 e - a +4 quick blade (weapon)
Missiles
 d - 34 bolts
 n - 32 poisoned needles
 w - a throwing net (quivered)
Armour
 l - a +1 pair of gloves (worn)
Jewellery
 o - the macabre finger necklace (around neck) {rN+}
   (You found it on level 4 of the Dungeon)

   [amulet of nothing]

   It protects you from negative energy.
 y - a ring of see invisible (left hand)
 B - an uncursed amulet of magic regeneration
Wands
 r - a wand of random effects (1)
 A - a wand of acid (6)
Scrolls
 j - 9 scrolls of remove curse
 p - a scroll of blinking
 v - a scroll of immolation
 x - 3 scrolls of teleportation
 G - 3 scrolls of enchant armour
Potions
 b - 4 potions of haste
 g - a potion of resistance
 i - 8 potions of curing
 k - a potion of mutation
 m - a potion of ambrosia
 q - 4 potions of might
 s - a potion of flight
 u - 4 potions of magic
 C - 2 potions of berserk rage
 D - a potion of cancellation
 F - a potion of lignification
Comestibles
 f - 4 rations


   Skills:
 + Level 9.3 Fighting
 * Level 9.5 Short Blades
   Level 1.0 Axes
 - Level 1.7 Crossbows
 + Level 5.5 Throwing
 + Level 6.0 Dodging
 * Level 9.6 Stealth
 + Level 2.5 Evocations


You had 10 spell levels left.
You didn't know any spells.
Your spell library contained the following spells:

 Spells                   Type           Power        Failure   Level  Hunger
 Flame Tongue             Conj/Fire      #....        34%         1    ##.....
 Sandblast                Erth           #.....       34%         1    ##.....
 Passwall                 Tmut/Erth      #.......     47%         2    ###....
 Throw Flame              Conj/Fire      #.....       47%         2    ###....
 Conjure Flame            Conj/Fire      #.......     71%         3    ####...
 Inner Flame              Hex/Fire       #.......     71%         3    ####...
 Stone Arrow              Conj/Erth      #.....       71%         3    ####...
 Petrify                  Tmut/Erth      #.......     98%         4    #####..
 Sticky Flame             Conj/Fire      #.......     98%         4    #####..
 Fireball                 Conj/Fire      #.........   100%        5    ######.
 Lee's Rapid Deconstruct  Erth           #.........   100%        5    ######.


Dungeon Overview and Level Annotations

Branches:
Dungeon (10/15)            Temple (0/1) D:4
   Lair: D:8-11         Orc: D:9-12

Altars:
Ashenzari
Cheibriados
Dithmenos
Elyvilon
Gozag
Kikubaaqudgha
Nemelex Xobeh
Okawaru
Qazlal
Wu Jian
Yredelemnul
The Shining One

Shops:
D:9 (


Innate Abilities, Weirdness & Mutations

You can breathe bolts of dispelling energy.
Your rich purple scales are hard. (AC +7)
You cannot fit into any form of body armour.
You are cold-blooded and may be slowed by cold attacks.


Message History

You closely miss the orc warrior.
The orc warrior is severely wounded.
You hit the orc warrior.
Your tail-slap misses the orc warrior.
The orc warrior is almost dead.
You hit the orc warrior.
The orc warrior is almost dead.
The orc warrior misses you.
Okay, then.
You feel better. The orc warrior misses you.
You regained 5 hp, and now have 26/97 hp.
You barely miss the orc warrior.
The orc warrior is almost dead.
You hit the orc warrior but do no damage.
The orc warrior is almost dead.
You hit the orc warrior.
You kill the orc warrior!
The orc warrior is distracted by the nearby gold.
The orc warrior shoots a bolt.
The bolt hits you!!
You die...
Your body crumbles into a pile of gold.

### # ##∩## ######
... #()(##.....#
≈≈≈..#(@$#..≈≈≈..
≈≈o≈≈.$$..$.≈≈o≈≈.
≈.∩o≈.......≈oo.≈o
≈≈.≈≈.......≈≈o≈≈.
.≈≈≈..#...#..≈≈≈..
.....##...##.....#
##### ##∩## ######
###


You could see 5 orc warriors and an orc.

Vanquished Creatures
  Harold (D:7)
  3 orc knights (Bailey)
  Joseph (D:7)
  A kobold demonologist (D:7)
  4 yaks (D:6)
  Menkaure (D:5)
  14 wargs (D:9)
  16 orc warriors
  An ice beast (D:5)
  A phantom (D:10)
  A black bear (D:6)
  3 ogres
  4 centaurs
  4 big kobolds
  A bullfrog (D:9)
  2 water moccasin zombies (Ossuary)
  2 scorpions
  6 wights
  2 howler monkeys
  A bullfrog zombie (D:8)
  2 crimson imps
  3 hounds
  8 orc priests
  5 jellies
  Natasha (twice) (D:3)
  An iguana (D:5)
  8 orc wizards
  8 worker ants
  A killer bee zombie (D:6)
  A big kobold zombie (Ossuary)
  4 mummies
  A hound zombie (D:8)
  A hound skeleton (D:7)
  2 howler monkey zombies
  A worker ant zombie (D:5)
  4 gnolls
  18 adders
  3 river rats
  5 oozes
  An adder skeleton (D:6)
  4 adder zombies (Ossuary)
  4 worms
  2 dart slugs
  5 leopard geckos
  59 orcs
  11 bats
  8 giant cockroaches
  8 hobgoblins
  12 jackals
  19 kobolds
  5 quokkas
  2 ball pythons (Sewer)
  4 frilled lizards
  5 gnoll zombies (Ossuary)
  15 goblins
  5 hobgoblin zombies (Ossuary)
  5 kobold zombies (Ossuary)
  8 orc zombies (Ossuary)
  16 rats
345 creatures vanquished.

Notes
Turn   | Place    | Note
-------+----------+-------------------------------------------
     0 | D:1      | namelastname112 the Draconian Wanderer began the quest for
                  | the Orb.
     0 | D:1      | namelastname112 set off with: a +2 dagger, a potion of
                  | haste, a +0 hand crossbow, 17 bolts, a +0 hand axe, a
                  | ration
     0 | D:1      | Reached XP level 1. HP: 23/23 MP: 1/1
   234 | D:1      | Reached XP level 2. HP: 18/29 MP: 2/2
   265 | D:1      | Reached skill level 1 in Short Blades
   374 | D:1      | Reached XP level 3. HP: 9/36 MP: 3/3
   829 | D:1      | Reached skill level 1 in Dodging
  1395 | D:2      | Found an iron altar of Okawaru.
  1595 | D:2      | Reached XP level 4. HP: 44/44 MP: 4/4
  2030 | D:3      | Found an ornate altar of the Wu Jian Council.
  2043 | D:3      | Found a basalt altar of Yredelemnul.
  2046 | D:3      | Found a shattered altar of Ashenzari.
  2049 | D:3      | Found an opulent altar of Gozag.
  2091 | D:3      | Became a worshipper of Gozag Ym Sagoz the Greedy
  2184 | D:3      | Noticed Natasha
  2198 | D:3      | Killed Natasha
  2198 | D:3      | Reached XP level 5. HP: 39/50 MP: 5/5
  2611 | D:3      | Found a shadowy altar of Dithmenos.
  2868 | D:3      | Noticed Natasha
  2869 | D:3      | Found a white marble altar of Elyvilon.
  2875 | D:3      | Killed Natasha
  2907 | D:4      | Found a sparkling altar of Nemelex Xobeh.
  2920 | D:4      | Found the macabre finger necklace {rN+}
  3073 | D:4      | Reached XP level 6. HP: 21/57 MP: 6/6
  3283 | D:4      | Found a glowing drain.
  3326 | Sewer    | Entered a sewer
  4532 | D:4      | Your scales start taking on a rich purple colour.
  4532 | D:4      | Reached XP level 7. HP: 64/64 MP: 7/7
  4678 | D:4      | Found a staircase to the Ecumenical Temple.
  4875 | D:5      | Entered Level 5 of the Dungeon
  4901 | D:5      | Reached skill level 1 in Throwing
  5062 | D:5      | Noticed Menkaure
  5182 | D:5      | Killed Menkaure
  5182 | D:5      | Reached skill level 5 in Stealth
  5521 | D:5      | Reached XP level 8. HP: 71/71 MP: 8/8
  5692 | D:5      | Found an ancient bone altar of Kikubaaqudgha.
  5732 | D:5      | Reached skill level 5 in Short Blades
  6123 | D:6      | Found a sand-covered staircase.
  6171 | Ossuary  | Entered an ossuary
  7735 | D:6      | Reached XP level 9. HP: 41/79 MP: 9/9
  8198 | D:7      | Noticed Harold
  8295 | D:6      | HP: 3/79 [yak (16)]
  8916 | D:7      | Killed Harold
  9496 | D:7      | Found a snail-covered altar of Cheibriados.
  9580 | D:7      | Noticed Joseph
  9584 | D:7      | Killed Joseph
  9669 | D:7      | Found a glowing golden altar of the Shining One.
  9718 | D:7      | Reached XP level 10. HP: 61/88 MP: 10/10
  9938 | D:7      | Reached skill level 5 in Dodging
 12100 | D:9      | Reached skill level 5 in Throwing
 12304 | D:9      | Bought a +4 quick blade for 444 gold pieces
 13836 | D:9      | Noticed an orc warlord
 14354 | D:9      | Reached XP level 11. HP: 43/97 MP: 12/12
 14554 | D:9      | Found a stormy altar of Qazlal.
 15430 | D:10     | Entered Level 10 of the Dungeon
 15512 | D:10     | Found a flagged portal.
 15525 | Bailey   | Entered a bailey
 15548 | Bailey   | Noticed an orc knight
 15604 | Bailey   | Killed an orc knight
 15623 | Bailey   | Noticed an orc knight
 15639 | Bailey   | Killed an orc knight
 15960 | Bailey   | Noticed an orc knight
 15976 | Bailey   | Killed an orc knight
 16023 | Bailey   | Shot with a bolt by an orc warrior

Vault maps used:
D:1:      ncdulo_smallfort, minmay_box_of_dots
D:2:      overflow_temple_1_default, minmay_misc_feat_tiny
D:3:      nicolae_dithmenos_through_a_glass_darkly, marbit_many_paths,
          grunt_temple_overflow_cloverleaf, first_ration, uniq_natasha
D:4:      nemelex_xobeh_ov_fountains_minmay, temple_doors_cd,
          lightli_sewer_entry_pipes, minmay_bisected
D:5:      kiku_gazebo_garden_becter, hangedman_decor_growths, uniq_menkaure
D:6:      chequers_ossuary_entry_cave
D:7:      slow_altar_1, nicolae_tso_carved_into_rock, uniq_harold, uniq_joseph
D:8:      serial_undead, serial_undead_c, serial_undead_e, serial_undead_d,
          serial_undead_f, serial_undead_b, serial_undead_e
D:9:      lemuel_castle_with_subvaults, kennysheep_mini_moat,
          nicolae_qazlal_style_of_elements, centaur_isle
D:10:     enter_bailey_3
Sewer:    sewer_co_15_rooms
Ossuary:  ossuary_tomb_2
Bailey:   bailey_polearm_4, bailey

Skill      XL: |  1  2  3  4  5  6  7  8  9 10 11 |
---------------+----------------------------------+-----
Short Blades   | 1 2 3 4 6 7 9 |  9.5
Stealth        | 2 3 4 5 6 7 9 |  9.6
Dodging        | 1 2 3 4 5 6 |  6.0
Fighting       | 6 7 8 9 |  9.3
Throwing       | 1 3 4 5 |  5.5
Evocations     | 2 |  2.5
Axes           | |  1.0
Crossbows      | |  1.7

Action                   |  1- 3 |  4- 6 |  7- 9 | 10-12 || total
-------------------------+-------+-------+-------+-------++-------
Melee: Dagger            |   159 |   335 |   635 |   451 ||  1580
       Tailslap          |    16 |    28 |    96 |   144 ||   284
       Quick blade       |       |       |       |   454 ||   454
 Fire: Blowgun           |       |       |     4 |    10 ||    14
Throw: Throwing net      |       |       |       |     1 ||     1
Invok: Potion Petition   |       |     1 |     1 |     1 ||     3
       Call Merchant     |       |       |       |     1 ||     1
 Abil: Breathe Dispellin |       |       |     1 |     4 ||     5
Evoke: Wand              |       |     1 |     7 |    30 ||    38
  Use: Scroll            |       |     2 |    20 |     5 ||    27
       Potion            |       |     2 |     1 |     6 ||     9
 Stab: Sleeping          |     8 |     5 |     6 |     8 ||    27
       Distracted        |       |     1 |     4 |     1 ||     6
       Paralysed         |       |     2 |     2 |     1 ||     5
       Held in net/web   |       |       |       |     3 ||     3
  Eat: Chunk             |     2 |     2 |       |       ||     4
       Ration            |       |     2 |     5 |     7 ||    14
Armor: Skin              |    40 |    68 |   139 |    96 ||   343
Dodge: Dodged            |    91 |   167 |   322 |   347 ||   927

Table legend:
 A = Non-vault XP
 B = Vault XP
 C = Vault XP percentage of total XP
 D = Non-vault monster count
 E = Vault monster count
 F = Vault count percentage of total count
                 A         B        C        D         E       F
            +---------+---------+-------+---------+---------+-------
      Total |    5691 |    8325 |  59.4 |     210 |     135 |  39.1
            +---------+---------+-------+---------+---------+-------
        D:1 |      71 |       5 |   6.6 |      38 |       2 |   5.0
        D:2 |      92 |       0 |   0.0 |      23 |       0 |   0.0
        D:3 |     123 |      40 |  24.5 |      17 |       2 |  10.5
        D:4 |      15 |     192 |  92.8 |       2 |      11 |  84.6
        D:5 |     677 |     175 |  20.5 |      22 |       1 |   4.3
        D:6 |    1867 |       5 |   0.3 |      29 |       1 |   3.3
        D:7 |     764 |    1420 |  65.0 |      23 |       2 |   8.0
        D:8 |    1087 |     216 |  16.6 |      28 |       6 |  17.6
        D:9 |     745 |    3094 |  80.6 |      25 |      45 |  64.3
       D:10 |     250 |       7 |   2.7 |       3 |       4 |  57.1
      Sewer |       0 |     266 | 100.0 |       0 |      19 | 100.0
    Ossuary |       0 |     272 | 100.0 |       0 |      32 | 100.0
     Bailey |       0 |    2633 | 100.0 |       0 |      10 | 100.0
            +---------+---------+-------+---------+---------+-------
